 Dungeon Crawl Stone Soup version 0.30-a0-1035-g38d5fb2972 (webtiles) character file.

Game seed: 8219187674135602444

3679 holysushi the Slicer (level 10, -5/79 HPs)
             Began as a Gnoll Reaver on Apr 8, 2023.
             Was an Elder of Okawaru.
             Killed from afar by a wight (12 damage)
             ... with a bolt of acid
             ... on level 8 of the Dungeon.
             The game lasted 00:19:27 (11554 turns).

holysushi the Slicer (Gnoll Reaver)                Turns: 11554, Time: 00:19:28

Health: -5/79      AC:  6    Str: 11    XL:     10   Next: 13%
Magic:  20/20      EV: 17    Int: 14    God:    Okawaru [****..]
Gold:   378        SH:  0    Dex: 14    Spells: 17/23 levels left

rFire   . . .      SeeInvis .    E - +4 mace
rCold   . . .      Faith    .    n - +0 buckler
rNeg    + . .      Spirit   .    v - +1 leather armour {Will+}
rPois   .          Reflect  +    u - +0 helmet
rElec   .          Rampage  .    (no cloak)
rCorr   .                        (no gloves)
Will    +....                    (no boots)
Stlth   ++                       p - amulet of reflection
HPRegen 0.33/turn                i - ring of positive energy
MPRegen 0.17/turn                (no ring)

@: confused, heroic, ambrosia-drunk, studying Unarmed Combat
A: fangs 1, strong nose, distributed training
a: Renounce Religion, Heroism, Finesse


You were on level 8 of the Dungeon.
You worshipped Okawaru.
Okawaru was greatly pleased with you.
You visited 1 branch of the dungeon, and saw 8 of its levels.

You collected 378 gold pieces.

Inventory:

Hand Weapons
 a - a +0 dagger of draining
 b - a +0 sling
 c - a +0 long sword
 q - a +0 short sword
 w - a +0 rapier
 y - a +2 dagger of flaming
 E - a +4 mace (weapon)
Missiles
 t - a throwing net
 z - 2 javelins
Armour
 f - a +0 pair of gloves
 l - a +3 scale mail of fire resistance
 n - a +0 buckler (worn)
 r - a +1 leather armour
 u - a +0 helmet (worn)
 v - a +1 leather armour of willpower (worn)
 A - a +1 ring mail of willpower
Jewellery
 i - a ring of positive energy (left hand)
 p - an amulet of reflection (around neck)
Wands
 e - a wand of digging (5)
Scrolls
 d - 3 scrolls of identify
 k - a scroll of teleportation
 m - 2 scrolls of amnesia
Potions
 g - 3 potions of lignification
 j - a potion of attraction
 o - 3 potions of flight
 C - a potion of brilliance
 D - a potion of resistance {unknown}


   Skills:
 + Level 7.0(12.0) Fighting
 + Level 8.4(13.4) Short Blades
 + Level 5.2(10.2) Long Blades
 + Level 5.2(10.2) Axes
 + Level 5.2(10.2) Maces & Flails
 + Level 5.2(10.2) Polearms
 + Level 5.2(10.2) Staves
 + Level 5.2(10.2) Ranged Weapons
 + Level 5.2(10.2) Throwing
 + Level 5.2(10.2) Armour
 + Level 7.0(12.0) Dodging
 + Level 5.2(10.2) Stealth
 + Level 5.2(10.2) Shields
 + Level 7.0(12.0) Unarmed Combat
 + Level 7.3 Spellcasting
 + Level 7.0 Conjurations
 + Level 4.2 Hexes
 + Level 4.2 Summonings
 + Level 4.2 Necromancy
 + Level 4.2 Translocations
 + Level 4.2 Transmutations
 + Level 4.2 Fire Magic
 + Level 4.2 Ice Magic
 + Level 4.2 Air Magic
 + Level 4.2 Earth Magic
 + Level 4.2 Poison Magic
 + Level 5.7 Invocations
 + Level 5.2 Evocations


You had 17 spell levels left.
You knew the following spells:

 Your Spells              Type           Power      Damage    Failure   Level
a - Kiss of Death         Conj/Necr      84%        2d11      1%          1
b - Momentum Strike       Conj/Tloc      42%        3d9       3%          2
c - Hailstorm             Conj/Ice       21%        3d6       6%          3

Your spell library contained the following spells:

 Spells                   Type           Power      Damage    Failure   Level
 Passage of Golubria      Tloc           17%        N/A       34%         4
 Yara's Violent Unravell  Hex/Tmut       8%         3d5       69%         5
 Tukima's Dance           Hex            Unusable   N/A       N/A         3

Dungeon Overview and Level Annotations

Branches:
Dungeon (8/15) Zot: 26602  Temple (0/1) D:5
   Lair: D:8-11

Altars:
Cheibriados
Makhleb
Okawaru
Uskayaw
Xom
Zin

Annotations:
D:5 Dowan


Innate Abilities, Weirdness & Mutations

You have very sharp teeth.
Your uncanny sense of smell can sniff out nearby items.
Your experience applies equally to all skills.


Message History

Items here: a +2 short sword; a +0 robe; a wyvern corpse.
The floor, spattered with blood.
Unknown command.
You barely miss the wight.
The wight hits you with a +2 falchion of freezing.
You partially resist.
You feel drained.
* * * LOW HITPOINT WARNING * * *
The wight freezes you.
* * * LOW HITPOINT WARNING * * *
You barely miss the wight. The wight barely misses you.
You closely miss the wight. The wight misses you.
You hit the wight.
The wight is moderately damaged.
You block the wight's attack.
You completely miss the wight. You bite the wight, but do no damage.
The wight is moderately damaged.
You block the wight's attack.
You sock the wight!
You destroy the wight!
Okawaru accepts your kill.
Your life force feels restored.
The wight zaps a wand.
The bolt of acid hits you!
* * * LOW HITPOINT WARNING * * *
The acid corrodes you!
You feel much better.
Okay, then.
Okay, then.
Unknown command.
You feel yourself speed up.
The wight zaps a wand.
The bolt of acid hits you!
The wight zaps a wand.
The bolt of acid hits you!!
* * * LOW HITPOINT WARNING * * *
It was a potion of cancellation.
Your magical effects are unravelling.
You feel magically purged.
You feel yourself slow down.
You are no longer corroded.
The wight zaps a wand.
The bolt of acid misses you.
It was a potion of ambrosia.
You are confused.
You feel invigorated.
The wight zaps a wand.
The bolt of acid hits you!
You die...

......#####.. # #......
..#.# #.##.#.#<# #.#.###
........# #.....# #
#.....###†..#.###.###
#.###........#.#.......#
#........#####.......#
######.### ###.##### #.#
#@##### ##'## #.z)..#
##...## #.###.#
##.....## #.# ##.......#
#.# ∆ ##.........# ...
.'.........+ ...
##.........# #...
##.......## ##.


You could see a wight.

Vanquished Creatures
  Joseph (D:7)
  A wyvern (D:8)
  A steam dragon (D:7)
  Duvessa (D:5)
  A water moccasin (D:7)
  A sky beast (D:7)
  3 black bears
  An ice beast (D:5)
  2 orc warriors (D:6)
  5 ogres
  A centaur (D:7)
  A phantom (D:4)
  A gnoll sergeant (D:4)
  3 bullfrogs
  5 wights
  A howler monkey (D:7)
  3 hounds
  4 jellies
  5 orc priests
  A sleepcap (D:4)
  5 iguanas
  9 orc wizards
  Robin (D:4)
  6 adders
  15 gnolls
  A shadow imp (D:6)
  A white imp (D:4)
  3 worms
  3 dart slugs
  21 orcs
  7 bats
  3 endoplasms
  5 giant cockroaches
  23 goblins
  12 hobgoblins
  14 jackals
  4 kobolds
  3 quokkas
  5 ball pythons
  2 frilled lizards
  7 rats
  2 toadstools (D:1)
194 creatures vanquished.

Vanquished Creatures (others)
  5 toadstools (D:1)
5 creatures vanquished.

Grand Total: 199 creatures vanquished

Notes
Turn   | Place    | Note
-------+----------+-------------------------------------------
     0 | D:1      | holysushi the Gnoll Reaver began the quest for the Orb.
     0 | D:1      | Reached XP level 1. HP: 20/20 MP: 6/6
   216 | D:1      | Reached XP level 2. HP: 19/23 MP: 5/7
   376 | D:1      | Learned a level 2 spell: Momentum Strike
   459 | D:1      | Reached skill level 5 in Spellcasting
   459 | D:1      | Reached XP level 3. HP: 31/31 MP: 7/9
   632 | D:1      | Reached skill level 1 in Invocations
   723 | D:1      | Found a faded altar of an unknown god.
  1077 | D:1      | Prayed at the altar of an unknown god.
  1077 | D:1      | Became a worshipper of Warmaster Okawaru
  1077 | D:1      | Reached * piety under Okawaru
  1121 | D:2      | Reached skill level 1 in Long Blades
  1121 | D:2      | Reached skill level 1 in Axes
  1121 | D:2      | Reached skill level 1 in Maces & Flails
  1121 | D:2      | Reached skill level 1 in Polearms
  1121 | D:2      | Reached skill level 1 in Staves
  1121 | D:2      | Reached skill level 1 in Ranged Weapons
  1121 | D:2      | Reached skill level 1 in Throwing
  1121 | D:2      | Reached skill level 1 in Armour
  1121 | D:2      | Reached skill level 1 in Stealth
  1121 | D:2      | Reached skill level 1 in Shields
  1121 | D:2      | Reached skill level 1 in Unarmed Combat
  1121 | D:2      | Reached skill level 1 in Evocations
  1151 | D:1      | Reached XP level 4. HP: 15/35 MP: 0/11
  1290 | D:2      | Reached skill level 1 in Hexes
  1290 | D:2      | Reached skill level 1 in Summonings
  1290 | D:2      | Reached skill level 1 in Necromancy
  1290 | D:2      | Reached skill level 1 in Translocations
  1290 | D:2      | Reached skill level 1 in Transmutations
  1290 | D:2      | Reached skill level 1 in Fire Magic
  1290 | D:2      | Reached skill level 1 in Ice Magic
  1290 | D:2      | Reached skill level 1 in Air Magic
  1290 | D:2      | Reached skill level 1 in Earth Magic
  1290 | D:2      | Reached skill level 1 in Poison Magic
  1348 | D:2      | Learned a level 3 spell: Hailstorm
  2244 | D:2      | Reached XP level 5. HP: 5/27 MP: 9/12
  2554 | D:3      | Found a shimmering altar of Xom.
  3087 | D:4      | Found an iron altar of Okawaru.
  3087 | D:4      | You fall into a shaft and drop 2 floors!
  3122 | D:6      | Found a glowing silver altar of Zin.
  3349 | D:6      | Reached ** piety under Okawaru
  3350 | D:6      | Reached XP level 6. HP: 23/40 MP: 14/14
  3505 | D:6      | Noticed an orc warrior
  3512 | D:6      | Reached skill level 5 in Fighting
  3512 | D:6      | Reached skill level 5 in Dodging
  3747 | D:5      | Entered Level 5 of the Dungeon
  4065 | D:4      | Reached skill level 7 in Short Blades
  4065 | D:4      | Reached XP level 7. HP: 24/56 MP: 15/15
  4887 | D:4      | Noticed Robin
  4917 | D:4      | Killed Robin
  5237 | D:5      | Reached XP level 8. HP: 35/63 MP: 13/16
  5816 | D:5      | Noticed Dowan
  5834 | D:5      | Noticed Duvessa
  6369 | D:5      | Found a burning altar of Makhleb.
  6369 | D:5      | Found a hide-covered altar of Uskayaw.
  6591 | D:5      | Found a staircase to the Ecumenical Temple.
  6938 | D:5      | Found a snail-covered altar of Cheibriados.
  7108 | D:5      | Found a staircase to the Ecumenical Temple.
  7221 | D:5      | Found a burning altar of Makhleb.
  7221 | D:5      | Found a hide-covered altar of Uskayaw.
  7456 | D:5      | Killed Duvessa
  7456 | D:5      | Reached *** piety under Okawaru
  7615 | D:5      | Found a snail-covered altar of Cheibriados.
  8433 | D:6      | Reached skill level 5 in Unarmed Combat
  8681 | D:6      | Reached XP level 9. HP: 67/69 MP: 18/18
  9154 | D:6      | Received a gift from Okawaru
  9715 | D:7      | Noticed Joseph
  9763 | D:7      | Killed Joseph
  9764 | D:7      | Reached skill level 8 in Short Blades
  9921 | D:7      | Reached **** piety under Okawaru
  9922 | D:7      | Reached skill level 5 in Invocations
 11255 | D:7      | Reached skill level 5 in Long Blades
 11255 | D:7      | Reached skill level 5 in Axes
 11255 | D:7      | Reached skill level 5 in Maces & Flails
 11255 | D:7      | Reached skill level 5 in Polearms
 11255 | D:7      | Reached skill level 5 in Staves
 11255 | D:7      | Reached skill level 5 in Ranged Weapons
 11255 | D:7      | Reached skill level 5 in Throwing
 11255 | D:7      | Reached skill level 5 in Armour
 11255 | D:7      | Reached skill level 5 in Stealth
 11255 | D:7      | Reached skill level 5 in Shields
 11255 | D:7      | Reached skill level 5 in Evocations
 11255 | D:7      | Reached XP level 10. HP: 43/77 MP: 20/20
 11552 | D:8      | HP: 1/79 [wight/bolt of acid (23)]
 11554 | D:8      | Killed from afar by a wight

Illustrated notes

Levels and vault maps discovered:
D:1:      nagdon_arrival_zigzag_paths, layout_basic,
          shapermc_ecumenical_altar_acropolis, reono_crystal_passage
D:2:      layout_basic, nicolae_figureground_pulse
D:3:      layout_rooms, mainiacjoe_overflow_24_doors
D:4:      layout_rooms, kennysheep_okawaru_gauntlet, minmay_manual_monolith,
          uniq_robin
D:5:      nicolae_cairo_tiling_large_dashed, layout_basic, slow_altar_2,
          gammafunk_temple_overflow_pools, minmay_temple_entry_ruins,
          lightli_minifort, uniq_duvessa
D:6:      layout_layer_cave, mainiacjoe_overflow_alcove_1
D:7:      layout_basic, serial_glass, glass_columns_a, glass_columns_b,
          chequers_serial_rivers_large_a, minmay_holes, st_stairs_5, uniq_joseph
D:8:      layout_loops_corners, serial_shops, nicolae_lakefront_shop,
          uniq_amaemon

Skill      XL: |  1  2  3  4  5  6  7  8  9 10 |
---------------+-------------------------------+-----
Spellcasting   | 5 6 7 |  7.3
Invocations    | 1 2 3 4 5 |  5.7
Long Blades    | 1 2 3 5 |  5.2
Axes           | 1 2 3 5 |  5.2
Maces & Flails | 1 2 3 5 |  5.2
Polearms       | 1 2 3 5 |  5.2
Staves         | 1 2 3 5 |  5.2
Ranged Weapons | 1 2 3 5 |  5.2
Throwing       | 1 2 3 5 |  5.2
Armour         | 1 2 3 5 |  5.2
Stealth        | 1 2 3 5 |  5.2
Shields        | 1 2 3 5 |  5.2
Unarmed Combat | 1 2 3 5 6 7 |  7.0
Evocations     | 1 2 3 5 |  5.2
Hexes          | 1 2 3 4 |  4.2
Summonings     | 1 2 3 4 |  4.2
Necromancy     | 1 2 3 4 |  4.2
Translocations | 1 2 3 4 |  4.2
Transmutations | 1 2 3 4 |  4.2
Fire Magic     | 1 2 3 4 |  4.2
Ice Magic      | 1 2 3 4 |  4.2
Air Magic      | 1 2 3 4 |  4.2
Earth Magic    | 1 2 3 4 |  4.2
Poison Magic   | 1 2 3 4 |  4.2
Fighting       | 5 6 7 |  7.0
Dodging        | 5 6 7 |  7.0
Short Blades   | 7 8 |  8.4
Conjurations   | 6 7 |  7.0

Action                     |  1- 3 |  4- 6 |  7- 9 | 10-12 || total
---------------------------+-------+-------+-------+-------++-------
  Melee: Short sword       |   142 |   111 |       |       ||   253
         Bite              |     8 |    24 |    74 |     7 ||   113
         Punch             |     1 |     4 |       |       ||     5
         Dagger            |       |   117 |   426 |       ||   543
         Unarmed           |       |       |    88 |       ||    88
         Mace              |       |       |       |    37 ||    37
   Fire: Sling             |       |    32 |   102 |       ||   134
   Cast: Kiss of Death     |     2 |     4 |     3 |       ||     9
         Momentum Strike   |     3 |     5 |     6 |       ||    14
         Hailstorm         |       |       |    22 |       ||    22
 Invoke: Heroism           |       |     1 |     5 |     1 ||     7
    Use: Scroll            |       |     4 |    11 |       ||    15
         Potion            |       |     1 |     3 |     5 ||     9
   Stab: Sleeping          |       |       |     2 |     1 ||     3
 Armour: Leather armour    |    51 |    35 |    75 |     6 ||   167
  Dodge: Dodged            |   107 |   139 |   219 |    15 ||   480
  Block: Buckler           |       |       |   177 |    23 ||   200

Table legend: (Time is in decaauts)
 A = Elapsed time spent in this place.
 B = Non-inter-level travel time spent in this place.
 C = Inter-level travel time spent in this place.
 D = Time resting spent in this place.
 E = Time spent auto-exploring this place.
 F = Levels seen in this place.
 G = Mean time per level.
                   A        B        C        D        E       F      G
               +--------+--------+--------+--------+--------+-----+--------+
         Total |  11290 |  10939 |    351 |   2739 |   5606 |   8 | 1411.2 |
       Dungeon |  11290 |  10939 |    351 |   2739 |   5606 |   8 | 1411.2 |
               +--------+--------+--------+--------+--------+-----+--------+

Top non-repeatable levels by time:
     D:5: 2752 daAuts
     D:6: 2139 daAuts
     D:7: 1570 daAuts
     D:4: 1440 daAuts
     D:1: 1192 daAuts
     D:2: 1138 daAuts
     D:3: 810 daAuts
     D:8: 247 daAuts
